 Dungeon Crawl Stone Soup version 0.26-a0-259-g1effd001a9 (webtiles) character file.

Game seed: 15384851536288737893

93 gruber the Firebug (level 4, -4/27 HPs)
             Began as an Octopode Fire Elementalist on July 26, 2020.
             Killed from afar by Sigmund (8 damage)
             ... with a magic dart
             ... on level 3 of the Dungeon.
             The game lasted 00:02:39 (2369 turns).

gruber the Firebug (Octopode Fire Elementalist)     Turns: 2369, Time: 00:02:39

Health: -4/27      AC:  1    Str:  7    XL:     4   Next: 61%
Magic:  4/7        EV: 13    Int: 18    God:
Gold:   58         SH:  0    Dex: 12    Spells: 6/7 levels left

rFire    . . .     SeeInvis .   (no weapon)
rCold    . . .     Faith    .   (no shield)
rNeg     . . .     Spirit   .   (helmet restricted)
rPois    .         Reflect  .   (no amulet)
rElec    .         Harm     .   o - ring of protection from magic
rCorr    .                      (no ring)
MR       +....                  (no ring)
Stlth    +++.......             (no ring)
HPRegen  0.09/turn              (no ring)
MPRegen  0.10/turn              (no ring)
                                (no ring)
                                (no ring)

@: no status effects
A: almost no armour, stealthy swim, amphibious, 8 rings, constrict 8, camouflage
1, gelatinous body 1
a: no special abilities


You were on level 3 of the Dungeon.
You were not hungry.

You visited 1 branch of the dungeon, and saw 3 of its levels.

You collected 58 gold pieces.

Inventory:

Jewellery
 o - a ring of protection from magic (left tentacle)
Scrolls
 a - 7 scrolls of teleportation {unknown}
 c - 4 scrolls of identify {unknown}
 d - a scroll of fog {unknown}
 e - 3 scrolls of remove curse {unknown}
 h - a scroll of immolation {unknown}
 j - a scroll of enchant weapon {unknown}
 k - a scroll of enchant armour {unknown}
 n - a scroll of blinking {unknown}
 p - 2 scrolls of fear {unknown}
Potions
 f - a potion of curing {unknown}
 g - 2 potions of mutation {unknown}
 i - a potion of might {unknown}
 m - a potion of haste {unknown}
Comestibles
 b - 12 rations


   Skills:
 - Level 2.0 Dodging
 - Level 2.6 Stealth
 - Level 2.0 Spellcasting
 + Level 2.4 Conjurations
 + Level 4.6 Fire Magic


You had 6 spell levels left.
You knew the following spells:

 Your Spells              Type           Power        Failure   Level
a - Foxfire               Conj/Fire      ##..         4%          1

Your spell library contained the following spells:

 Spells                   Type           Power        Failure   Level
 Conjure Flame            Conj/Fire      ##......     13%         3
 Inner Flame              Hex/Fire       ##......     21%         3
 Sticky Flame             Conj/Fire      ##......     38%         4
 Fireball                 Conj/Fire      ##........   75%         5


Dungeon Overview and Level Annotations

Branches:
Dungeon (3/15)

Altars:

Annotations:
D:3 Sigmund


Innate Abilities, Weirdness & Mutations

You cannot wear most types of armour.
You are very stealthy in the water. (Stealth+)
You are amphibious.
You can wear up to eight rings at the same time.
You can use your tentacles to constrict eight enemies at once.
Your skin changes colour to match your surroundings (Stealth+).
Your rubbery body absorbs attacks. (AC +1, EV +1)


Message History

Press: ? - help, Shift-Dir - straight line You throw an atropa-tipped dart.
Something hits you.
Unknown command.
Unknown command.
Throwing (i - inventory)
l - an atropa-tipped dart (quivered)
Press: ? - help, Shift-Dir - straight line You throw an atropa-tipped dart.
Unknown command.
Unknown command.
You hear some strange, mumbled words.
Something tries to affect you, but you resist.
Something tries to affect you, but you resist.
You see here a rat corpse.
You hear a zap.
A puff of flame appears from out of thin air!
The puff of flame hits you!
* * * LOW HITPOINT WARNING * * *
A magic dart appears from out of thin air!
The magic dart hits you!
You die...

#.. #.# #.# ##### #.# #...# #.#
###...############.#
#.+..............#.#
########.#...##########.#.###
...#............@..#.......<#..
...#.###.###....##.##.#.#..§#..
...#.# #......†.#.....#^###.#.@
...#.# #.#.#...†#..####.# #.#.#
...#.#####.#....#..# #.# #.#.#
...........#....#..# #.# #.#.#
...##########.#{#..####.###.#.#
...........................>.(#
#########.##.##########.###.###


There were no monsters in sight!

Vanquished Creatures
  2 adders (D:2)
  3 oozes
  2 worms (D:2)
  A dart slug (D:1)
  2 leopard geckos
  A ball python (D:2)
  A giant cockroach (D:1)
  4 goblins
  6 hobgoblins
  7 jackals (D:1)
  A quokka (D:2)
  8 bats
  4 frilled lizards
  5 kobolds
  5 rats
52 creatures vanquished.

Vanquished Creatures (others)
  201 foxfires
201 creatures vanquished.

Grand Total: 253 creatures vanquished

Notes
Turn   | Place    | Note
-------+----------+-------------------------------------------
     0 | D:1      | gruber the Octopode Fire Elementalist began the quest for
                  | the Orb.
     0 | D:1      | Reached XP level 1. HP: 11/11 MP: 3/3
   160 | D:1      | Reached XP level 2. HP: 9/17 MP: 0/5
   815 | D:1      | Reached XP level 3. HP: 21/21 MP: 2/6
   859 | D:1      | Reached skill level 4 in Fire Magic
  1440 | D:2      | Reached XP level 4. HP: 27/27 MP: 2/7
  2339 | D:3      | Noticed Sigmund
  2369 | D:3      | Killed from afar by Sigmund

Illustrated notes

Levels and vault maps discovered:
D:1:      lightli_arrival_statuegarden, layout_rooms, solitary_fountain,
          minmay_tall_x
D:2:      layout_basic, first_ration
D:3:      layout_basic, grunt_temple_overflow_open, ebering_ghost_disaster_area,
          nemelex_diamond_rough_becter, uniq_sigmund

Skill      XL: |  1  2  3 |
---------------+----------+-----
Fire Magic     | 4 |  4.6
Conjurations   | 2 |  2.4
Dodging        | |  2.0
Stealth        | |  2.6
Spellcasting   | |  2.0

Action                   |  1- 3 |  4- 6 || total
-------------------------+-------+-------++-------
Melee: Unarmed           |    17 |     6 ||    23
       Constrict         |     5 |       ||     5
       Tentacles         |     2 |     1 ||     3
Throw: Dart              |       |     3 ||     3
 Cast: Foxfire           |    67 |    47 ||   114
  Eat: Ration            |     1 |     1 ||     2
Armor: Skin              |     4 |       ||     4
Dodge: Dodged            |    23 |     3 ||    26

Table legend:
 A = Non-vault XP
 B = Vault XP
 C = Vault XP percentage of total XP
 D = Non-vault monster count
 E = Vault monster count
 F = Vault count percentage of total count
                 A         B        C        D         E       F
            +---------+---------+-------+---------+---------+-------
      Total |     122 |      11 |   8.3 |      48 |       4 |   7.7
            +---------+---------+-------+---------+---------+-------
        D:1 |      56 |      11 |  16.4 |      30 |       4 |  11.8
        D:2 |      60 |       0 |   0.0 |      15 |       0 |   0.0
        D:3 |       6 |       0 |   0.0 |       3 |       0 |   0.0
            +---------+---------+-------+---------+---------+-------
